 Dungeon Crawl Stone Soup version 0.28.0-53-g5a82cb258f (console) character file.

Game seed: 4862986442463226682

79 Banquo the Chopper (level 4, -4/28 HPs)
             Began as a Gargoyle Fighter on Aug 1, 2022.
             Was a Follower of the Shining One.
             Slain by an ogre
             ... wielding a +0 giant club
              (14 damage)
             ... on level 4 of the Dungeon.
             The game lasted 00:02:49 (1448 turns).

Banquo the Chopper (Gargoyle Fighter)               Turns: 1448, Time: 00:02:49

Health: -4/28      AC: 10    Str: 19    XL:     4   Next: 37%
Magic:  4/4        EV:  9    Int:  9    God:    the Shining One [*.....]
Gold:   104        SH:  4    Dex: 11    Spells: 3/3 levels left

rFire   . . .      SeeInvis .   a - +0 war axe
rCold   . . .      Faith    .   c - +0 buckler
rNeg    + . .      Spirit   .   b - +0 scale mail
rPois   ∞          Reflect  .   (no helmet)
rElec   +          Harm     .   (no cloak)
rCorr   .          Rampage  .   (no gloves)
Will    .....                   (no boots)
Stlth   ..........              (no amulet)
HPRegen 0.09/turn               (no ring)
MPRegen 0.09/turn               (no ring)

@: mighty, glowing
A: sickness immunity, AC +3, negative energy resistance 1, electricity
resistance, torment resistance 1, petrification resistance
a: Renounce Religion, Divine Shield


You were on level 4 of the Dungeon.
You worshipped the Shining One.
The Shining One was aware of your devotion.
You visited 1 branch of the dungeon, and saw 3 of its levels.

You collected 104 gold pieces.

Inventory:

Hand Weapons
 a - a +0 war axe (weapon)
 g - a +2 flail of draining
 i - a +0 spear
Missiles
 e - 39 sling bullets
 f - 74 stones (quivered)
Armour
 b - a +0 scale mail (worn)
 c - a +0 buckler (worn)
Magical Staves
 j - a staff of earth
Scrolls
 h - a scroll of teleportation {unknown}
 m - 2 scrolls of identify {unknown}
 n - 2 scrolls of enchant weapon {unknown}
Potions
 k - a potion of degeneration {unknown}
 l - 2 potions of curing {unknown}


   Skills:
 - Level 3.2 Fighting
 + Level 4.1 Axes
 - Level 3.2 Armour
 - Level 3.2 Shields


You had 3 spell levels left.
You didn't know any spells.
Your spell library contained the following spells:

 Spells                   Type           Power      Damage    Failure   Level
 Apportation              Tloc           0%         N/A       85%         1
 Alistair's Intoxication  Tmut/Pois      0%         N/A       100%        5


Dungeon Overview and Level Annotations

Branches:
Dungeon (2/15)

Altars:
The Shining One


Innate Abilities, Weirdness & Mutations

You are immune to sickness and miasma.
Your stone body is resilient. (AC +3)
You are immune to poison.
You resist negative energy. (rN+)
You are resistant to electric shocks. (rElec)
You are resistant to unholy torment.
You are immune to petrification.


Message History

The ball python hisses angrily.
The ball python barely misses you. The ball python grabs you.
The ball python constricts you.
You hit the ball python.
You kill the ball python!
No target in view!
You now have 104 gold pieces (gained 10).
You see here a +0 ring mail.
You open the door.
A dart slug and a hound come into view.
You block the hound's attack.
Found a hand axe.
You barely miss the hound. The hound bites you but does no damage.
You slash the hound!
The hound is severely wounded.
The hound barely misses you. x2
You hit the hound.
You kill the hound!
Your Axes skill increases to level 4!
You have reached level 4!
You feel clever.
A kobold and an ogre come into view.
Found 20 gold pieces.
The kobold shouts!
The ogre shouts!
A bullfrog skeleton comes into view.
A hound skeleton comes into view.
The dart slug launches a dart at you. The slug dart hits you.
There is an open door here.
You slash the dart slug!
You kill the dart slug!
You feel very mighty all of a sudden.
You hit the ogre.
The ogre is lightly wounded.
The ogre hits you with a +0 giant club!
Ouch! That really hurt!
You barely miss the ogre.
The ogre is lightly wounded.
The ogre hits you with a +0 giant club!
Ouch! That really hurt!
You die...

#......###.†......[.......
#.#...##$##.......#####...
#... #.#........####
...#.##.##.#..#.....#
#..####.Z ####...###.# #.#
...$ ##..# # #. #..
####...# #K##.#....#
#ZO@.....## #)##....##
###...### #..### ...# ####


You could see an ogre, a kobold and a bullfrog skeleton.

Vanquished Creatures
  A hound (D:4)
  3 dart slugs
  4 bats (D:1)
  5 endoplasms (D:1)
  A giant cockroach (D:1)
  7 hobgoblins
  6 kobolds
  3 quokkas (D:1)
  5 ball pythons
  A frilled lizard (D:2)
  3 goblins (D:1)
  2 rats (D:1)
41 creatures vanquished.

Notes
Turn   | Place    | Note
-------+----------+-------------------------------------------
     0 | D:1      | Banquo the Gargoyle Fighter began the quest for the Orb.
     0 | D:1      | Reached XP level 1. HP: 14/14 MP: 1/1
    18 | D:1      | Reached skill level 2 in Axes
    69 | D:1      | Reached XP level 2. HP: 13/19 MP: 2/2
   410 | D:1      | Reached skill level 3 in Axes
   670 | D:1      | Found a faded altar of an unknown god.
   676 | D:1      | Reached XP level 3. HP: 23/23 MP: 3/3
   735 | D:1      | Prayed at the altar of an unknown god.
   735 | D:1      | Became a worshipper of the Shining One
   735 | D:1      | Reached * piety under the Shining One
  1411 | D:2      | You fall into a shaft and drop 2 floors!
  1442 | D:4      | Reached skill level 4 in Axes
  1442 | D:4      | Reached XP level 4. HP: 28/28 MP: 4/4
  1442 | D:4      | Noticed an ogre
  1448 | D:4      | Slain by an ogre

Illustrated notes

Levels and vault maps discovered:
D:1:      dpeg_arrival_rhombus, layout_basic, hellmonk_ecumenical_altar_lost_god
D:2:      layout_basic, uniq_jessica
D:4:      layout_basic, led_sif_pool, mainiacjoe_overflow_concentric_impassable,
          minmay_fractal_squares_gapless_5, uniq_robin

Skill      XL: |  1  2  3 |
---------------+----------+-----
Axes           | 2 3 4 |  4.1
Fighting       | |  3.2
Armour         | |  3.2
Shields        | |  3.2

Action                   |  1- 3 |  4- 6 || total
-------------------------+-------+-------++-------
Melee: War axe           |    88 |     3 ||    91
  Use: Potion            |       |     1 ||     1
Armor: Scale mail        |    53 |       ||    53
Dodge: Dodged            |    41 |       ||    41
Block: Buckler           |    19 |       ||    19
